 Dungeon Crawl Stone Soup version 0.25-a0-10-g2fe12d4386 (webtiles) character file.

Game seed: 14196000361700406825, levelgen mode: deterministic

8 Chiseanne the Magician (level 2, 19/19 HPs)
             Began as a Demonspawn Wizard on Oct 15, 2019.
             Quit the game on level 1 of the Dungeon.
             The game lasted 00:00:25 (402 turns).

Chiseanne the Magician (Demonspawn Wizard)           Turns: 402, Time: 00:00:25

Health: 19/19      AC:  2    Str:  7    XL:     2   Next: 0%
Magic:  3/6        EV: 12    Int: 19    God:
Gold:   0          SH:  0    Dex: 11    Spells: 6/7 levels left

rFire    . . .     SeeInvis .   c - +0 club
rCold    . . .     Gourm    .   (no shield)
rNeg     . . .     Faith    .   a - +0 robe
rPois    .         Spirit   .   b - +0 hat
rElec    .         Reflect  .   (no cloak)
rCorr    .         Harm     .   (no gloves)
MR       .....                  (no boots)
Stlth    ++........             (no amulet)
HPRegen  0.06/turn              (no ring)
MPRegen  0.10/turn              (no ring)

@: no status effects
A: antennae 1
a: no special abilities


You were on level 1 of the Dungeon.
You were not hungry.

You visited 1 branch of the dungeon, and saw 1 of its levels.

Inventory:

Hand Weapons
 c - a +0 club (weapon)
Missiles
 f - 3 poisoned darts (quivered)
Armour
 a - a +0 robe (worn)
 b - a +0 hat (worn)
Scrolls
 g - a scroll of blinking {unknown}
 h - a scroll of amnesia {unknown}
Potions
 e - a potion of heal wounds {unknown}
 i - a potion of haste {unknown}
Comestibles
 d - 3 rations


   Skills:
 - Level 1.7 Dodging
 - Level 1.7 Stealth
 * Level 3.2 Spellcasting
 * Level 1.6 Conjurations
   Level 1.0 Summonings
   Level 0.8 Translocations


You had 6 spell levels left.
You knew the following spells:

 Your Spells              Type           Power        Failure   Level  Hunger
a - Magic Dart            Conj           #...         8%          1    None

Your spell library contained the following spells:

 Spells                   Type           Power        Failure   Level  Hunger
 Blink                    Tloc           N/A          16%         2    ##.....
 Call Imp                 Summ           #.......     16%         2    ##.....
 Slow                     Hex            #.......     22%         2    ##.....
 Conjure Flame            Conj/Fire      #.......     32%         3    ###....
 Mephitic Cloud           Conj/Pois/Air  #.......     34%         3    ###....


Dungeon Overview and Level Annotations

Branches:
Dungeon (1/15)

Altars:


Innate Abilities, Weirdness & Mutations

You have a pair of small antennae on your head.


Message History

A leopard gecko comes into view.
Casting: Magic Dart (safe; 9% risk of failure)
Confirm with . or Enter, or press ? or * to list all spells.
Aiming: Magic Dart (safe; 9% risk of failure)
Press: ? - help, Shift-Dir - straight line, f - leopard gecko
Aim: a leopard gecko (clinging, resting)
The magic dart hits the leopard gecko.
The leopard gecko is severely wounded.
The leopard gecko hisses angrily.
Casting: Magic Dart (safe; 9% risk of failure)
Confirm with . or Enter, or press ? or * to list all spells.
Aiming: Magic Dart (safe; 9% risk of failure)
Press: ? - help, Shift-Dir - straight line, f/p - leopard gecko
Aim: a leopard gecko (severely wounded, clinging)
The magic dart hits the leopard gecko.
You kill the leopard gecko!
You have reached level 2!
Your demonic ancestry asserts itself...
A pair of antennae grows on your head!
Are you sure you want to abandon this character and quit the game? (Confirm with "yes".)

...# #.+ ...##+#.#
........# #.##....#
...#....# ...#....#
.#.#....#
........#######+#######.
...#............@.......
####....#########.$.....
#....# ....... ## #....#
....... .# #.....
....### .# ###... ....#
.# #... ....# .# #.#
+#### .#


There were no monsters in sight!

Vanquished Creatures
  2 leopard geckos (D:1)
  A goblin (D:1)
  A hobgoblin (D:1)
  2 rats (D:1)
6 creatures vanquished.

Notes
Turn   | Place    | Note
-------+----------+-------------------------------------------
     0 | D:1      | Chiseanne the Demonspawn Wizard began the quest for the
                  | Orb.
     0 | D:1      | Reached XP level 1. HP: 13/13 MP: 4/4
   401 | D:1      | Gained mutation: You have a pair of small antennae on your
                  | head. [demonic ancestry]
   401 | D:1      | Reached XP level 2. HP: 19/19 MP: 3/6
   402 | D:1      | Quit the game

Levels and vault maps discovered:
D:1:      lightli_arrival_statuegarden, layout_basic, chequers_jeans,
          minmay_door_square, hangedman_abyss_or_decor_lesser_grid,
          chequers_serial_rivers_small_b, evilmike_ruin_ashenzari

Action                   || total
-------------------------++-------
Melee: Unarmed           ||    10
       Club              ||     3
Throw: Dart              ||     4
 Cast: Magic Dart        ||    12
Dodge: Dodged            ||     5

Table legend:
 A = Non-vault XP
 B = Vault XP
 C = Vault XP percentage of total XP
 D = Non-vault monster count
 E = Vault monster count
 F = Vault count percentage of total count
                 A         B        C        D         E       F
            +---------+---------+-------+---------+---------+-------
      Total |      12 |       0 |   0.0 |       6 |       0 |   0.0
            +---------+---------+-------+---------+---------+-------
        D:1 |      12 |       0 |   0.0 |       6 |       0 |   0.0
            +---------+---------+-------+---------+---------+-------
